 Dungeon Crawl Stone Soup version 0.19-a0-1111-gcceb26a (webtiles) character file.

43 Joat the Charmwright (level 3, 0/24 HPs)
             Began as a High Elf Skald on Aug 10, 2016.
             Succumbed to an adder's poison
             ... on level 2 of the Dungeon.
             The game lasted 00:08:21 (1175 turns).

Joat the Charmwright (High Elf Skald)               Turns: 1175, Time: 00:08:22

Health: 0/24       AC:  6    Str: 16    XL:     3   Next: 37%
Magic:  1/7        EV: 12    Int: 16    God:
Gold:   36         SH:  0    Dex: 15    Spells: 1 memorised, 6 levels left

rFire  . . .     SeeInvis .     a - +0 falchion
rCold  . . .     Gourm    .     b - +0 leather armour
rNeg   . . .     Faith    .     (no shield)
rPois  .         Spirit   .     (no helmet)
rElec  .         Dismiss  .     (no cloak)
rCorr  .         Reflect  .     (no gloves)
SustAt .         Harm     .     (no boots)
MR     .....                    (no amulet)
Stlth  +.........               (no ring)
                                m - +3 ring of protection

@: mighty, lethally poisoned (0 -> -7), very slightly contaminated, hasted, very
quick
A: no striking features
a: no special abilities


You were on level 2 of the Dungeon.
You were not hungry.

You visited 1 branch of the dungeon, and saw 2 of its levels.

You collected 36 gold pieces.

Inventory:

Hand Weapons
 a - a +0 falchion (weapon)
Armour
 b - a +0 leather armour (worn)
Jewellery
 m - a +3 ring of protection (left hand)
Scrolls
 e - 2 scrolls of identify {unknown}
 l - a scroll of recharging {unknown}
Potions
 h - a potion of cure mutation
 j - a potion of might
Books
 c - a book of Battle

   Spells                             Type                      Level
   a - Infusion                       Charms                       1
   b - Shroud of Golubria             Charms/Translocation         2
   c - Song of Slaying                Charms                       2
   d - Spectral Weapon                Hexes/Charms                 3
   e - Regeneration                   Charms/Necromancy            3
Comestibles
 d - a bread ration
 g - 2 meat rations
 k - a royal jelly


   Skills:
 - Level 2.2 Fighting
 * Level 3.7 Long Blades
 - Level 0.8 Armour
 + Level 1.9 Dodging
 - Level 2.5 Spellcasting
 - Level 3.8 Charms


You had 6 spell levels left.
You knew the following spells:

 Your Spells              Type           Power        Failure   Level  Hunger
a - Infusion              Chrm           ##..         8%          1    #......


Dungeon Overview and Level Annotations

Branches:
Dungeon (2/15)

Altars:


Message History

The adder poisons you!
You closely miss the adder.
The adder is almost dead.
You feel sick. The adder bites you.
* * * LOW HITPOINT WARNING * * *
You are more poisoned.
The adder poisons you! The adder completely misses you.
You riposte.
You hit the adder.
You kill the adder!
It was a potion of cure mutation.
It has a very clean taste.
It was a potion of haste.
You feel yourself speed up.
* * * LOW HITPOINT WARNING * * *
You feel sick. The kobold hits you with a club.
* * * LOW HITPOINT WARNING * * *
You are very lightly contaminated with residual magic.
It was a potion of might.
You feel very mighty all of a sudden.
You slash the kobold!
You kill the kobold!
You die...

#....## ###......
#........
#........
##.......
##.).).. ##)(..#
#### #....#
###@.# #....#
#.).## #.#.(.
###.### ##.#.#.
##...# ##..#...
#..###
#+####.....>.
##.##
#......#####.
##..#
##.##..#####.
###..#########..
#.#......
##...####.......#
#...#####


There were no monsters in sight!

Vanquished Creatures
  An adder (D:2)
  A worm (D:2)
  4 giant geckos
  3 bats
  A giant cockroach (D:2)
  A goblin (D:2)
  3 hobgoblins
  4 kobolds
  2 ball pythons
  3 giant newts
  6 rats
29 creatures vanquished.

Notes
Turn   | Place    | Note
-------+----------+-------------------------------------------
     0 | D:1      | Joat the High Elf Skald began the quest for the Orb.
     0 | D:1      | Reached XP level 1. HP: 14/14 MP: 4/4
   231 | D:1      | Reached XP level 2. HP: 11/19 MP: 2/6
   755 | D:2      | Found a faded altar of an unknown god.
   937 | D:2      | Reached XP level 3. HP: 15/24 MP: 0/7
  1173 | D:2      | HP: 1/24 [kobold/club (1)]
  1175 | D:2      | Succumbed to an adder's poison

Vault maps used:
D:1:      lemuel_arrival_broad_hall, minmay_splitting_lines
D:2:      gammafunk_pakellas_spire_experiment, ecumenical_altar_2

Skill      XL: |  1  2 |
---------------+-------+-----
Long Blades    | 3 |  3.7
Fighting       | |  2.2
Armour         | |  0.8
Dodging        | |  1.9
Spellcasting   | |  2.5
Charms         | |  3.8

Action                   || total
-------------------------++-------
Melee: Falchion          ||    87
 Cast: Infusion          ||    15
  Use: Potion            ||     3
  Eat: Chunk             ||     1
Armor: Leather armour    ||    28
Dodge: Dodged            ||    55
